 Dungeon Crawl Stone Soup version 0.27-a0-1325-g58a489ad9e (webtiles) character file.

Game seed: 6221462321659793131

234 avis the Slasher (level 6, -2/48 (51) HPs)
             Began as a Hill Orc Monk on June 25, 2021.
             Was a Believer of Beogh.
             Slain by a wight (3 damage)
             ... on level 4 of the Dungeon.
             The game lasted 00:14:10 (4832 turns).

avis the Slasher (Hill Orc Monk)                    Turns: 4832, Time: 00:14:10

HP:   -2/48 (51)    AC:  6    Str: 16    XL:     6   Next: 5%
MP:   4/7           EV: 10    Int: 10    God:    Beogh [**....]
Gold: 199           SH:  0    Dex: 13    Spells: 5/5 levels left

rFire    . . .     SeeInvis .   a - +0 falchion
rCold    . . .     Faith    .   (no shield)
rNeg     . . .     Spirit   .   n - +0 scale mail
rPois    .         Reflect  .   (no helmet)
rElec    .         Harm     .   (no cloak)
rCorr    .         Rampage  .   (no gloves)
Will     .....                  (no boots)
Stlth    ..........             (no amulet)
HPRegen  0.16/turn              (no ring)
MPRegen  0.10/turn              (no ring)

@: drained
A: no striking features
a: Renounce Religion, Smiting


You were on level 4 of the Dungeon.
You worshipped Beogh.
Beogh was pleased with you.
You visited 1 branch of the dungeon, and saw 4 of its levels.

You collected 199 gold pieces.

Inventory:

Hand Weapons
 a - a +0 falchion (weapon)
 b - a +0 hunting sling
 q - a +0 spear
 r - a +0 spear
 w - a +0 spear
 B - a +1 vorpal flail
Missiles
 c - 45 arrows
 e - 51 bolts
 g - 65 stones (quivered)
 m - 44 sling bullets
Armour
 n - a +0 scale mail (worn)
 y - a +2 robe of fire resistance
Magical Staves
 l - a staff of air
Scrolls
 f - 6 scrolls of identify {unknown}
 i - a scroll of vulnerability {unknown}
 j - 3 scrolls of magic mapping {unknown}
 k - a scroll of holy word {unknown}
 o - a scroll of immolation {unknown}
 p - a scroll of acquirement {unknown}
 v - a scroll of amnesia {unknown}
 x - a scroll of blinking {unknown}
 A - a scroll of teleportation {unknown}
Potions
 d - 2 potions of heal wounds {unknown}
 h - 3 potions of haste {unknown}
 s - 2 potions of attraction {unknown}
 t - a potion of curing {unknown}
 u - 2 potions of magic {unknown}
 z - a potion of invisibility {unknown}


   Skills:
 - Level 3.6 Fighting
 * Level 6.9 Long Blades
 - Level 2.4 Dodging
 - Level 1.5 Stealth
 + Level 2.2 Invocations


You had 5 spell levels left.
You didn't know any spells.
Your spell library contained the following spells:

 Spells                   Type           Power      Damage    Failure   Level
 Animate Skeleton         Necr           0%         N/A       82%         1
 Pain                     Necr           0%         1d4       82%         1
 Vampiric Draining        Necr           0%         2d6       99%         3
 Animate Dead             Necr           0%         N/A       100%        4
 Agony                    Necr           0%         N/A       100%        5


Dungeon Overview and Level Annotations

Branches:
Dungeon (4/15)
 Temple: D:4-7

Altars:
Gozag
Ru
Uskayaw


Message History

Press: ? - help, v - describe, . - travel, g - get item
Here: a wight, wielding a +4 falchion and wearing a +0 robe
Items here: a +2 vorpal hand axe; a +0 ring mail; an orc corpse.
The floor, spattered with blood.
Aiming: Smiting
Press: ? - help, Dir - move target, f - wight Smite: a wight, wielding a +4 falchion and wearing a +0 robe You smite the wight!
The wight is almost destroyed.
The orc priest looks braver for a moment.
The wight hits you with a +4 falchion!
You hit the wight but do no damage.
The wight is almost destroyed.
The wight barely misses you.
You hit the wight but do no damage.
The wight is almost destroyed.
The wight barely misses you.
You hit the wight but do no damage.
The wight is almost destroyed.
A wight comes into view. It is wielding a +0 dagger.
The wight barely misses you.
You barely miss the wight.
The wight is almost destroyed.
The wight barely misses you.
You closely miss the wight.
The wight is almost destroyed.
The orc priest looks satisfied for a moment.
The orc wizard gestures wildly while chanting.
The orc wizard flickers and vanishes!
Deactivating autopickup; reactivate with Ctrl-A.
The wight hits you with a +4 falchion!
You feel drained.
Your scale mail prevents you from hitting the wight.
The wight is almost destroyed.
The orc priest invokes the aid of Beogh against you.
Beogh smites you!
* * * LOW HITPOINT WARNING * * *
The wight hits you with a +4 falchion!
* * * LOW HITPOINT WARNING * * *
You feel drained.
You die...

###.###.###.# ## #
#.........# ### # #
#####.######## #.( # ##
#.#......# #o# .##
#.#.####.# #.# ..##
#.#.####.# #.# # ...##
#........# #.# .##
....####...##..#####)#...###
....'...........@z{oz((.....
....##.........####o.#...###
...###.##......# #..# ..#
..## #.#####..## #..$. .#
.## #.##.....# #.###. # ##
#.##.##.## #.# .# #
#.##.##.# #.# # # #.##.##.#
#.. ## #.......#


You could see 2 wights, an orc priest and an orc.

Vanquished Creatures
  A water moccasin skeleton (D:4)
  A wight (D:4)
  2 adders
  3 gnolls
  3 dart slugs
  8 orcs
  9 bats
  8 endoplasms
  2 giant cockroaches
  7 goblins
  8 hobgoblins
  7 jackals
  2 quokkas
  5 ball pythons
  3 frilled lizards
  3 kobolds
  9 rats
81 creatures vanquished.

Vanquished Creatures (others)
  An orc wizard (D:3)
  An orc (D:3)
  2 jackals (D:3)
  A kobold (D:3)
5 creatures vanquished.

Grand Total: 86 creatures vanquished

Notes
Turn   | Place    | Note
-------+----------+-------------------------------------------
     0 | D:1      | avis the Hill Orc Monk began the quest for the Orb.
     0 | D:1      | Reached XP level 1. HP: 19/19 MP: 1/1
   273 | D:1      | Reached XP level 2. HP: 26/26 MP: 2/2
   304 | D:1      | Reached skill level 4 in Long Blades
  1215 | D:1      | Reached XP level 3. HP: 25/31 MP: 3/3
  1878 | D:2      | Reached skill level 5 in Long Blades
  2168 | D:1      | Reached XP level 4. HP: 33/39 MP: 4/4
  3015 | D:3      | Reached skill level 6 in Long Blades
  3079 | D:3      | Reached XP level 5. HP: 43/45 MP: 5/5
  3307 | D:3      | Became a worshipper of Beogh the Brigand
  3307 | D:3      | Reached * piety under Beogh
  3307 | D:3      | Reached ** piety under Beogh
  3381 | D:3      | Found a faded altar of an unknown god.
  3461 | D:3      | Found a sacrificial altar of Ru.
  3616 | D:3      | Found an opulent altar of Gozag.
  4062 | D:4      | Reached skill level 1 in Invocations
  4400 | D:4      | Found a hide-covered altar of Uskayaw.
  4530 | D:4      | Reached XP level 6. HP: 3/51 MP: 3/7
  4832 | D:4      | HP: 1/50 [wight (12)]
  4832 | D:4      | Slain by a wight

Illustrated notes

Levels and vault maps discovered:
D:1:      dpeg_arrival_round_c, layout_basic
D:2:      layout_loops_ring, kennysheep_donut, kennysheep_nondescript
D:3:      layout_loops_ring, nicolae_ru_path_of_blood, amcnicky_altar_gilded,
          chequers_ecumenical_altar_twisty, serial_glass, glass_columns_a,
          glass_columns_a, minmay_strange_pillars
D:4:      minmay_wonky_spiral, layout_loops_corners, general_overflow_altar

Skill      XL: |  1  2  3  4  5 |
---------------+----------------+-----
Long Blades    | 4 5 6 |  6.9
Invocations    | 2 |  2.2
Fighting       | |  3.6
Dodging        | |  2.4
Stealth        | |  1.5

Action                   |  1- 3 |  4- 6 || total
-------------------------+-------+-------++-------
Melee: Falchion          |   133 |   157 ||   290
 Fire: Hunting sling     |       |    29 ||    29
Invok: Smiting           |       |     2 ||     2
       Convert to Beogh  |       |     1 ||     1
 Stab: Sleeping          |     2 |       ||     2
Armor: Robe              |    15 |       ||    15
       Scale mail        |    21 |    48 ||    69
       Leather armour    |     6 |       ||     6
Dodge: Dodged            |    81 |    81 ||   162
       Rpst.: Falchion   |    31 |    32 ||    63

Table legend: (Time is in decaauts)
 A = Elapsed time spent in this place.
 B = Non-inter-level travel time spent in this place.
 C = Inter-level travel time spent in this place.
 D = Time resting spent in this place.
 E = Time spent auto-exploring this place.
 F = Levels seen in this place.
 G = Mean time per level.
                   A        B        C        D        E       F      G
               +--------+--------+--------+--------+--------+-----+--------+
         Total |   4853 |   4484 |    369 |   1433 |   2003 |   4 | 1213.2 |
       Dungeon |   4853 |   4484 |    369 |   1433 |   2003 |   4 | 1213.2 |
               +--------+--------+--------+--------+--------+-----+--------+

Top non-repeatable levels by time:
     D:1: 1981 daAuts
     D:3: 1098 daAuts
     D:4: 920 daAuts
     D:2: 853 daAuts
